 Dungeon Crawl Stone Soup version 0.28-a0-793-g31680bbd8b (webtiles) character file.

Game seed: 2748944748400879359

42 vurker the Magician (level 3, 0/27 HPs)
             Began as a Djinni Air Elementalist on Nov 3, 2021.
             Slain by Ijyb (1 damage)
             ... on level 3 of the Dungeon.
             The game lasted 00:01:42 (1938 turns).

vurker the Magician (Djinni Air Elementalist)       Turns: 1938, Time: 00:01:42

Health: 0/27       AC:  2    Str:  7    XL:     3   Next: 80%
Gold:   49         EV: 12    Int: 17    God:
                   SH:  0    Dex: 13

rFire   + + +      SeeInvis .   c - +0 short sword
rCold   . . .      Faith    .   (no shield)
rNeg    . . .      Spirit   .   a - +0 robe
rPois   ∞          Reflect  .   (no helmet)
rElec   +          Harm     .   (no cloak)
rCorr   +          Rampage  .   (no gloves)
Will    .....                   (boots unavailable)
Stlth   ++........              (no amulet)
HPRegen 0.09/turn               (no ring)
MPRegen 0.00/turn               (no ring)

@: resistant, flying, very slightly contaminated
A: sickness immunity, fire resistance 2, cold vulnerability 1, float, innate
caster, hp casting, extra vitality 1
a: no special abilities


You were on level 3 of the Dungeon.
You visited 1 branch of the dungeon, and saw 3 of its levels.

You collected 49 gold pieces.

Inventory:

Hand Weapons
 c - a +0 short sword (weapon)
   (You found it on level 1 of the Dungeon)
Armour
 a - a +0 robe (worn)
Scrolls
 b - 4 scrolls of teleportation {unknown}
 d - a scroll of brand weapon {unknown}
 h - a scroll of identify {unknown}
Potions
 e - 2 potions of invisibility {unknown}
 f - a potion of resistance
 g - a potion of brilliance {unknown}


   Skills:
 + Level 1.5 Fighting
 - Level 2.1 Dodging
 - Level 1.5 Stealth
 * Level 3.2 Spellcasting


You couldn't memorise any spells.
You knew the following spells:

 Your Spells              Type           Power      Damage    Failure   Level
a - Shock                 Conj/Air       52%        1d6       4%          1
b - Static Discharge      Conj/Air       13%        N/A       7%          2
c - Airstrike             Air            6%         N/A       41%         4
d - Freeze                Ice            52%        1d7       4%          1
q - Swiftness             Air            13%        N/A       14%         3
Your spell library was empty.

Dungeon Overview and Level Annotations

Branches:
Dungeon (3/15)

Altars:

Shops:
D:1 :

Annotations:
D:3 Ijyb


Innate Abilities, Weirdness & Mutations

You are immune to sickness and miasma.
You are immune to poison.
Your flesh is very heat resistant. (rF++)
You are vulnerable to cold. (rC-)
You float through the air rather than walking.
You learn spells naturally, not from books.
Your magical power is your life essence.
You have superior vitality. (+4 HP)


Message History

Found a stone staircase leading up.
The ball python hisses angrily.
A ball python is nearby!
A ball python is nearby!
A ball python is nearby!
Aim: a ball python (64% to hit)
The zap hits the ball python.
You kill the ball python!
You can't see any susceptible monsters within range! (Use Z to cast anyway.)
You can't see any susceptible monsters within range! (Use Z to cast anyway.)
Found a scroll labelled VATELL NUODINK.
h - a scroll labelled VATELL NUODINK
There is a stone staircase leading up here.
Found a stone staircase leading up.
Things that are here:
a +0 dagger; a stone Done exploring.
Done exploring.
Done exploring.
Done exploring.
There is a stone staircase leading down here.
You fly downwards.
Found a stone staircase leading down.
There is a stone staircase leading up here.
The zap hits Ijyb. x2
The zap misses Ijyb.
The zap hits Ijyb but does no damage.
The zap hits Ijyb.
Ijyb closely misses you.
The zap misses Ijyb.
Ijyb hits you with a +0 dagger.
The zap hits Ijyb.
Ijyb closely misses you.
You miscast Shock.
You are very lightly contaminated with residual magic.
Nothing appears to happen.
Ijyb drinks a potion.
Ijyb is healed!
The zap hits Ijyb.
Ijyb hits you with a +0 dagger.
* * * LOW HITPOINT WARNING * * *
The zap misses Ijyb.
* * * LOW HITPOINT WARNING * * *
Ijyb hits you with a +0 dagger.
* * * LOW HITPOINT WARNING * * *
The zap hits Ijyb.
* * * LOW HITPOINT WARNING * * *
Ijyb hits you with a +0 dagger.
* * * LOW HITPOINT WARNING * * *
You don't have enough health to cast this spell.
Unknown command.
You don't have enough health to cast this spell.
It was a potion of resistance.
You feel protected. Ijyb hits you with a +0 dagger.
You die...

#########
###.......#
#.......#.#
#@.......
#g.##.#.#
..># .#...
#.##### #


You could see Ijyb.

Vanquished Creatures
  An adder (D:2)
  An orc (D:2)
  4 bats
  3 endoplasms
  A giant cockroach (D:1)
  4 goblins
  2 hobgoblins (D:1)
  4 kobolds
  2 quokkas
  5 ball pythons
  A frilled lizard (D:1)
  2 rats
30 creatures vanquished.

Notes
Turn   | Place    | Note
-------+----------+-------------------------------------------
     0 | D:1      | vurker the Djinni Air Elementalist began the quest for the
                  | Orb.
     0 | D:1      | Reached XP level 1. HP: 15/15 MP: 0/0
   152 | D:1      | Found Ezuyh's Book Shoppe.
   305 | D:1      | Found a faded altar of an unknown god.
   371 | D:1      | Reached XP level 2. HP: 19/22 MP: 0/0
   985 | D:1      | Reached skill level 1 in Fighting
  1262 | D:2      | Reached XP level 3. HP: 24/27 MP: 0/0
  1262 | D:2      | Learned a level 1 spell: Freeze
  1292 | D:2      | Reached skill level 3 in Spellcasting
  1927 | D:3      | Noticed Ijyb
  1937 | D:3      | HP: 1/27 [Ijyb (4)]
  1938 | D:3      | Slain by Ijyb

Illustrated notes

Levels and vault maps discovered:
D:1:      dpeg_arrival_round_b, layout_basic, ebering_ecumenical_altar_webs,
          serial_shops, shop
D:2:      layout_rooms
D:3:      layout_loops_cross, minmay_fountain_box, minmay_mini_jars,
          uniq_terence, uniq_grinder, uniq_ijyb

Skill      XL: |  1  2  3 |
---------------+----------+-----
Fighting       | 1 |  1.5
Spellcasting   | 3 |  3.2
Dodging        | |  2.1
Stealth        | |  1.5

Action                   || total
-------------------------++-------
 Cast: Shock             ||    77
  Use: Potion            ||     1
Armor: Robe              ||     1
Dodge: Dodged            ||     9

Table legend: (Time is in decaauts)
 A = Elapsed time spent in this place.
 B = Non-inter-level travel time spent in this place.
 C = Inter-level travel time spent in this place.
 D = Time resting spent in this place.
 E = Time spent auto-exploring this place.
 F = Levels seen in this place.
 G = Mean time per level.
                   A        B        C        D        E       F      G
               +--------+--------+--------+--------+--------+-----+--------+
         Total |   1937 |   1906 |     31 |      0 |   1736 |   3 |  645.7 |
       Dungeon |   1937 |   1906 |     31 |      0 |   1736 |   3 |  645.7 |
               +--------+--------+--------+--------+--------+-----+--------+

Top non-repeatable levels by time:
     D:1: 1249 daAuts
     D:2: 676 daAuts
     D:3: 10 daAuts
